 Dungeon Crawl Stone Soup version 0.19-a0-994-g3c636f0 (webtiles) character file.

109 4thArraOfDagon the Caller (level 4, -7/45 HPs)
             Began as a Demonspawn Summoner on July 16, 2016.
             Mangled by Menkaure (11 damage)
             ... on level 4 of the Dungeon.
             The game lasted 00:04:40 (882 turns).

4thArraOfDagon the Caller (Demonspawn Summoner)      Turns: 882, Time: 00:04:41

Health: -7/45      AC: 22    Str:  8    XL:     4   Next: 60%
Magic:  7/7        EV:  2    Int: 18    God:
Gold:   111        SH:  0    Dex: 13    Spells: 2 memorised, 4 levels left

rFire  . . .     SeeInvis .       - Unarmed
rCold  . . .     Gourm    .     (armour currently unavailable)
rNeg   + + +     Faith    .     (no shield)
rPois  +         Spirit   .     (helmet currently unavailable)
rElec  .         Dismiss  .     (cloak currently unavailable)
rCorr  .         Reflect  .     (gloves currently unavailable)
SustAt .         Harm     .     (boots currently unavailable)
MR     .....     NoTele   +     g - amulet of regeneration
Stlth  ++........               (no ring)
                                (no ring)

@: tree-form, not resistant to hostile enchantments, unstealthy
A: (horns 0)
a: no special abilities


You were on level 4 of the Dungeon.
You were not hungry.
You were a tree.
You visited 1 branch of the dungeon, and saw 4 of its levels.

You collected 111 gold pieces.

Inventory:

Armour
 a - a +0 robe
 d - a +0 ring mail
 e - a +2 pair of boots (melded)
 j - a +1 chain mail of fire resistance (melded)
Jewellery
 g - an amulet of regeneration (around neck)
Scrolls
 f - a scroll of teleportation {unknown}
 i - a scroll of fear {unknown}
 k - 2 scrolls of enchant weapon
 l - a scroll of identify {unknown}
Books
 b - a book of Callings

   Spells                             Type                      Level
   a - Summon Small Mammal            Summoning                    1
   b - Call Imp                       Summoning                    2
   c - Call Canine Familiar           Summoning                    3
   d - Summon Guardian Golem          Hexes/Summoning              3
   e - Summon Lightning Spire         Summoning/Air                4
   f - Summon Ice Beast               Ice/Summoning                4
Comestibles
 c - a bread ration
 m - a chunk of flesh


   Skills:
 - Level 1.7 Dodging
 - Level 1.7 Stealth
 * Level 3.9 Unarmed Combat
 - Level 2.0 Spellcasting
 - Level 4.0 Summonings


You had 4 spell levels left.
You knew the following spells:

 Your Spells              Type           Power        Failure   Level  Hunger
a - Summon Small Mammal   Summ           ###.         3%          1    #......
b - Call Imp              Summ           ###.....     6%          2    ###....


Dungeon Overview and Level Annotations

Branches:
Dungeon (4/15)
 Temple: D:4-7

Altars:
Elyvilon
Zin

Annotations:
D:4 Menkaure


Innate Abilities, Weirdness & Mutations

((You have a pair of horns on your head.))


Message History

You turn into a tree.
Your +2 pair of boots melds into your body.
Your +1 chain mail of fire resistance melds into your body.
You feel less resistant to fire.
Your roots penetrate the ground.
Menkaure hits you but does no damage.
You hit Menkaure.
Menkaure is moderately damaged.
Menkaure hits you but does no damage.
Unknown command.
You hit Menkaure but do no damage.
Menkaure is moderately damaged.
Menkaure hits you!
* * * LOW HITPOINT WARNING * * *
Menkaure hits you but does no damage.
Unknown command.
Unknown command.
You smack Menkaure!
Menkaure is almost destroyed.
Menkaure hits you!
You die...

#.#.## #.....##
#..............
#.....#
#.##.##.####..
#######
#....##.# ..
#.#####.#
...$.####.#
#.#####.#
.#........
#.......# g...
... #>#######
#... #.####.#
###... #.♣M..#
..... #(#####
#..## ##g#
#...###.##
####...## #####


You could see Menkaure and a gnoll.

Vanquished Creatures
  Jessica (D:3)
  Terence (D:2)
  3 adders (D:3)
  A giant gecko (D:2)
  5 orcs
  3 bats
  A giant cockroach (D:3)
  2 goblins
  5 hobgoblins
  2 kobolds
  A ball python (D:2)
  A giant newt (D:2)
  3 rats
29 creatures vanquished.

Vanquished Creatures (collateral kills)
  A worm (D:2)
1 creature vanquished.

Grand Total: 30 creatures vanquished

Notes
Turn   | Place    | Note
-------+----------+-------------------------------------------
     0 | D:1      | 4thArraOfDagon the Demonspawn Summoner began the quest for the Orb.
     0 | D:1      | Reached XP level 1. HP: 13/13 MP: 3/3
    61 | D:1      | You fall through a shaft!
   132 | D:2      | Noticed Terence
   225 | D:1      | Reached skill level 1 in Unarmed Combat
   266 | D:1      | Gained mutation: You have a pair of small horns on your head. [demonic ancestry]
   266 | D:1      | Reached XP level 2. HP: 16/19 MP: 5/5
   354 | D:2      | Learned a level 2 spell: Call Imp
   440 | D:2      | Killed Terence
   440 | D:2      | Reached XP level 3. HP: 19/24 MP: 0/6
   615 | D:3      | Noticed Jessica
   626 | D:3      | Killed Jessica
   626 | D:3      | Gained mutation: You have a pair of horns on your head. [demonic ancestry]
   626 | D:3      | Reached XP level 4. HP: 12/30 MP: 7/7
   646 | D:2      | Found a white marble altar of Elyvilon.
   747 | D:4      | Found a glowing silver altar of Zin.
   828 | D:4      | Noticed Menkaure
   882 | D:4      | Mangled by Menkaure

Vault maps used:
D:1:      minmay_arrival_hallway
D:2:      old_standard_altar, uniq_terence
D:3:      lemuel_doored_altar, first_bread, lemuel_statue_altar, uniq_sigmund,
          uniq_natasha, uniq_jessica
D:4:      marbit_many_paths, zin_statuary, serial_shops, shop_coins,
          uniq_duvessa, uniq_menkaure

Skill      XL: |  1  2  3 |
---------------+----------+-----
Unarmed Combat | 1 2 3 |  3.9
Dodging        | |  1.7
Stealth        | |  1.7
Spellcasting   | |  2.0
Summonings     | |  4.0

Action                   |  1- 3 |  4- 6 || total
-------------------------+-------+-------++-------
Melee: Unarmed           |   158 |    32 ||   190
       Punch             |     2 |       ||     2
       Headbutt          |    12 |     1 ||    13
 Cast: Summon Small Mamm |     8 |       ||     8
       Call Imp          |     2 |       ||     2
  Use: Potion            |     1 |     2 ||     3
       Scroll            |       |     1 ||     1
 Stab: Distracted        |     1 |       ||     1
  Eat: Chunk             |       |     1 ||     1
Armor: Ring mail         |    61 |       ||    61
       Chain mail        |    31 |    11 ||    42
       Skin              |       |    25 ||    25
Dodge: Dodged            |    91 |     3 ||    94
